cohdb
Replays
Latest Replays
All Replays
Popular Replays
Top Player Replays
Match Explorer
How It Works
Community
CoH3 Stats
Reddit
Sign in to upload your games and track your stats! →
Sign in with Steam
Match 29604690
Unlisted
Match 29604690
Overview
Messages
Build Orders
End
Construct Barracks
Selects Advanced Infantry Battlegroup
Riflemen Squad
Riflemen Squad
Grenade Package
Riflemen Squad
Construct Weapon Support Center
Bazooka Squad
Infantry Support Center
Construct Medical Station
Bazooka Squad
Selects Convert to Ranger Squad
Selects Frontline Medical Station
Munitions Surplus
M1918 Browning Automatic Rifles
Improved M9 Bazooka Rockets
Convert to Ranger Squad
Decoy
Ghostly Bagel
嬴政
星耀群峰
梓川枫
NachiBokk-Eum
bayutrianggono
iAinEng
0
0
Comments
sign in to comment!
No comments posted yet!